| TOP OF THE 1ST |
|
Bristol Pirates batting - Pitching for Kingsport Mets : RHP John Mason
|
|
Pitching: RHP John Mason
|
|
|
Batting: RHB Pete Hutton
|
0-0: Ball 1-0: Foul Ball, location: 2F 1-1: Ground out 6-3 (Groundball, 56D, EV 107.5 MPH)
|
|
Batting: LHB Joe Wise
|
0-0: DOUBLE (Flyball, 78XD, EV 103.1 MPH)
|
|
Batting: RHB Etsuro Hosokawa
|
0-0: Called Strike 0-1: Foul Ball, location: 2F 0-2: Foul Ball, location: 2F 0-2: Ball 1-2: SINGLE (Line Drive, 8RS, EV 96.9 MPH) Joe Wise to third
|
|
Batting: RHB Jaime Dubicki
|
0-0: Ball 1-0: Ball 2-0: Fly out, F6 (Popup, 15, EV 82.5 MPH)
|
|
Batting: LHB Tomohiro Yokoyama
|
0-0: Ball 1-0: Called Strike 1-1: Foul Ball, location: 2F 1-2: Strikes out looking
|
| Top of the 1st over - 0 runs, 2 hits, 0 errors, 2 left on base; Bristol 0 - Kingsport 0 |
| BOTTOM OF THE 1ST |
|
Kingsport Mets batting - Pitching for Bristol Pirates : RHP Joe Simanton
|
|
Pitching: RHP Joe Simanton
|
|
|
Batting: RHB John Jones
|
0-0: Ball 1-0: Swinging Strike 1-1: Foul Ball, location: 2F 1-2: Foul Ball, location: 2F 1-2: Ball 2-2: Strikes out swinging
|
|
Batting: RHB Jack Nickleberry
|
0-0: Called Strike 0-1: Ball 1-1: Called Strike 1-2: Strikes out swinging
|
|
Batting: RHB Steve Page
|
0-0: Called Strike 0-1: Ball 1-1: Called Strike 1-2: Ball 2-2: Foul Ball, location: 2F 2-2: Ground out U3 (Groundball, 13, EV 78.8 MPH)
|
| Bottom of the 1st over - 0 runs, 0 hits, 0 errors, 0 left on base; Bristol 0 - Kingsport 0 |
| TOP OF THE 2ND |
|
Bristol Pirates batting - Pitching for Kingsport Mets : RHP John Mason
|
|
Batting: LHB Ruben Garza
|
0-0: Ball 1-0: Swinging Strike 1-1: Swinging Strike 1-2: Ball 2-2: Foul Ball, location: 2F 2-2: Ball 3-2: Hit by Pitch
|
|
Batting: RHB Andrew DeRicco
|
0-0: Called Strike 0-1: Called Strike 0-2: Foul Ball, location: 2F 0-2: Ball 1-2: Ball 2-2: Strikes out swinging
|
|
Batting: RHB Gilberto Victoria
|
0-0: Called Strike 0-1: Ball 1-1: Fly out, F6 (Line Drive, 6, EV 68.1 MPH)
|
|
Batting: RHB Rob Colley
|
0-0: Swinging Strike 0-1: Called Strike 0-2: Strikes out swinging
|
| Top of the 2nd over - 0 runs, 0 hits, 0 errors, 1 left on base; Bristol 0 - Kingsport 0 |
| BOTTOM OF THE 2ND |
|
Kingsport Mets batting - Pitching for Bristol Pirates : RHP Joe Simanton
|
|
Batting: RHB Kyle Holland
|
0-0: Called Strike 0-1: Foul Ball, location: 2F 0-2: Foul Ball, location: 2F 0-2: Strikes out swinging
|
|
Batting: SHB Jason Evans
|
0-0: Fly out, F7 (Flyball, 7, EV 86.9 MPH)
|
|
Batting: RHB Coltin Nellis
|
0-0: Ball 1-0: Called Strike 1-1: SINGLE (Flyball, 56D, EV 91.9 MPH)
|
|
Batting: RHB Dan House
|
0-0: Called Strike 0-1: Ball 1-1: Ball 2-1: Foul Ball, location: 2F 2-2: Ball 3-2: Base on Balls Coltin Nellis to second
|
|
Batting: RHB Danny Runberg
|
0-0: Foul Ball, location: 2F 0-1: Foul Ball, location: 2F 0-2: Ball 1-2: Foul Ball, location: 2F 1-2: Ball 2-2: Ball 3-2: Foul Ball, location: 2F 3-2: Fly out, F4 (Popup, 3S, EV 82.5 MPH)
|
| Bottom of the 2nd over - 0 runs, 1 hit, 0 errors, 2 left on base; Bristol 0 - Kingsport 0 |
| TOP OF THE 3RD |
|
Bristol Pirates batting - Pitching for Kingsport Mets : RHP John Mason
|
|
Batting: RHB Pete Hutton
|
0-0: Foul Ball, location: 2F 0-1: Ball 1-1: SINGLE (Line Drive, 9LM, EV 105.6 MPH)
|
|
Batting: LHB Joe Wise
|
0-0: SINGLE (Line Drive, 56D, EV 97.5 MPH) Pete Hutton to second
|
|
Batting: RHB Etsuro Hosokawa
|
0-0: Ball 1-0: SINGLE (Line Drive, 9LS, EV 99.4 MPH) Pete Hutton to third Joe Wise to second Runner from 3rd tries for Home, SAFE, throw by RF to home
|
|
Batting: RHB Jaime Dubicki
|
0-0: Ball 1-0: Fielders Choice at 2nd, 6-4 (Groundball, 6M, EV 104.4 MPH) Joe Wise to third
|
|
Batting: LHB Tomohiro Yokoyama
|
0-0: Ball 1-0: Ball 2-0: Foul Ball, location: 2F 2-1: Foul Ball, location: 2F 2-2: Ball 3-2: Foul Ball, location: 2F 3-2: Strikes out swinging
|
|
Batting: LHB Ruben Garza
|
0-0: Foul Ball, location: 2F 0-1: DOUBLE (Line Drive, 9LS, EV 95.6 MPH) Joe Wise scores Jaime Dubicki to third
|
|
Batting: RHB Andrew DeRicco
|
0-0: Called Strike 0-1: Swinging Strike 0-2: Ball 1-2: Strikes out swinging
|
| Top of the 3rd over - 2 runs, 4 hits, 0 errors, 2 left on base; Bristol 2 - Kingsport 0 |
| BOTTOM OF THE 3RD |
|
Kingsport Mets batting - Pitching for Bristol Pirates : RHP Joe Simanton
|
|
Batting: SHB Alex Marcial
|
0-0: DOUBLE (Line Drive, 78M, EV 106.9 MPH)
|
|
Batting: RHB John Jones
|
0-0: DOUBLE (Flyball, 8LXD, EV 100.0 MPH) Alex Marcial scores
|
|
Batting: RHB Jack Nickleberry
|
0-0: Ground out 5-3 (Groundball, 5, EV 108.1 MPH)
|
|
Batting: RHB Steve Page
|
0-0: Ball Wild Pitch! John Jones to third 1-0: Ball 2-0: Called Strike 2-1: SINGLE (Groundball, 34D, EV 96.9 MPH) John Jones scores
|
|
Batting: RHB Kyle Holland
|
0-0: SINGLE (Groundball, 6MD, EV 94.4 MPH) Steve Page to second Runner from 2nd tries for 3rd, SAFE, throw by CF made to third Kyle Holland to second
|
|
Batting: SHB Jason Evans
|
0-0: Ball 1-0: Fly out, F7 (Flyball, 78S, EV 91.2 MPH)
|
|
Batting: RHB Coltin Nellis
|
0-0: TRIPLE (Flyball, 89XD, EV 89.4 MPH) Steve Page scores Kyle Holland scores
|
|
Batting: RHB Dan House
|
0-0: Called Strike 0-1: Ball 1-1: Foul Ball, location: 2F 1-2: Foul Ball, location: 2F 1-2: Fly out, F3 (Line Drive, 3, EV 65.0 MPH)
|
| Bottom of the 3rd over - 4 runs, 5 hits, 0 errors, 1 left on base; Bristol 2 - Kingsport 4 |
| TOP OF THE 4TH |
|
Bristol Pirates batting - Pitching for Kingsport Mets : RHP John Mason
|
|
Batting: RHB Gilberto Victoria
|
0-0: Called Strike 0-1: Swinging Strike 0-2: Strikes out looking
|
|
Batting: RHB Rob Colley
|
0-0: Ball 1-0: Called Strike 1-1: Called Strike 1-2: Ball 2-2: Foul Ball, location: 2F 2-2: Strikes out swinging, 2-3 out at first.
|
|
Batting: RHB Pete Hutton
|
0-0: Called Strike 0-1: Fly out, F9 (Flyball, 9LD, EV 95.6 MPH)
|
| Top of the 4th over - 0 runs, 0 hits, 0 errors, 0 left on base; Bristol 2 - Kingsport 4 |
| BOTTOM OF THE 4TH |
|
Kingsport Mets batting - Pitching for Bristol Pirates : RHP Joe Simanton
|
|
Batting: RHB Danny Runberg
|
0-0: Ball 1-0: Ball 2-0: Called Strike 2-1: Foul Ball, location: 2F 2-2: Hit by Pitch
|
|
Batting: SHB Alex Marcial
|
0-0: Foul Ball, location: 2F 0-1: Called Strike 0-2: Ball Wild Pitch! Danny Runberg to second 1-2: Ball 2-2: Ground out U3 (Groundball, 3, EV 108.8 MPH) Danny Runberg to third
|
|
Batting: RHB John Jones
|
Balk! Danny Runberg scores 0-0: Swinging Strike 0-1: Called Strike 0-2: Strikes out looking
|
|
Batting: RHB Jack Nickleberry
|
0-0: DOUBLE (Flyball, 78D, EV 96.9 MPH)
|
|
Batting: RHB Steve Page
|
0-0: Ball 1-0: Foul Ball, location: 2F 1-1: Called Strike 1-2: Foul Ball, location: 2F 1-2: Ball 2-2: Foul Ball, location: 2F 2-2: Fly out, F8 (Flyball, 78D, EV 92.5 MPH)
|
| Bottom of the 4th over - 1 run, 1 hit, 0 errors, 1 left on base; Bristol 2 - Kingsport 5 |
| TOP OF THE 5TH |
|
Bristol Pirates batting - Pitching for Kingsport Mets : RHP John Mason
|
|
Batting: LHB Joe Wise
|
0-0: Called Strike 0-1: Fly out, F7 (Flyball, 7, EV 98.1 MPH)
|
|
Batting: RHB Etsuro Hosokawa
|
0-0: Fly out, F4 (Popup, 4M, EV 73.1 MPH)
|
|
Batting: RHB Jaime Dubicki
|
0-0: Called Strike 0-1: Foul Ball, location: 2F 0-2: Strikes out swinging
|
| Top of the 5th over - 0 runs, 0 hits, 0 errors, 0 left on base; Bristol 2 - Kingsport 5 |
| BOTTOM OF THE 5TH |
|
Kingsport Mets batting - Pitching for Bristol Pirates : RHP Joe Simanton
|
|
Batting: RHB Kyle Holland
|
0-0: Ball 1-0: Foul Ball, location: 2F 1-1: Ball 2-1: Ball 3-1: Fly out, F8 (Flyball, 8LM, EV 82.5 MPH)
|
|
Batting: SHB Jason Evans
|
0-0: Foul Ball, location: 2F 0-1: Foul Ball, location: 2F 0-2: Ground out 3-1 (Groundball, 34S, EV 80.6 MPH)
|
|
Batting: RHB Coltin Nellis
|
0-0: Called Strike 0-1: Hit by Pitch
|
|
Batting: RHB Dan House
|
0-0: Ball 1-0: Ball 2-0: Called Strike 2-1: SINGLE (Groundball, 56, EV 98.8 MPH) Coltin Nellis to second
|
|
Batting: RHB Danny Runberg
|
0-0: Fly out, F7 (Line Drive, 7, EV 94.4 MPH)
|
| Bottom of the 5th over - 0 runs, 1 hit, 0 errors, 2 left on base; Bristol 2 - Kingsport 5 |
| TOP OF THE 6TH |
|
Bristol Pirates batting - Pitching for Kingsport Mets : RHP John Mason
|
|
Batting: LHB Tomohiro Yokoyama
|
0-0: Called Strike 0-1: Ball 1-1: Called Strike 1-2: DOUBLE (Flyball, 8LXD, EV 101.2 MPH) - OUT at third base trying to stretch hit.
|
|
Batting: LHB Ruben Garza
|
0-0: SOLO HOME RUN (Flyball, 89XD, EV 102.5 MPH), Distance : 392 ft
|
|
Batting: RHB Andrew DeRicco
|
0-0: Called Strike 0-1: Ball 1-1: Foul Ball, location: 2F 1-2: Strikes out swinging
|
|
Batting: RHB Gilberto Victoria
|
0-0: Ball 1-0: Called Strike 1-1: Ball 2-1: Ground out 5-3 (Groundball, 5, EV 85.6 MPH)
|
| Top of the 6th over - 1 run, 2 hits, 0 errors, 0 left on base; Bristol 3 - Kingsport 5 |
| BOTTOM OF THE 6TH |
|
Kingsport Mets batting - Pitching for Bristol Pirates : RHP Joe Simanton
|
|
Batting: SHB Alex Marcial
|
0-0: Ball 1-0: Swinging Strike 1-1: DOUBLE (Flyball, 78D, EV 105.0 MPH)
|
|
Batting: RHB John Jones
|
0-0: Ball 1-0: DOUBLE (Line Drive, 89D, EV 106.2 MPH) Alex Marcial scores
|
|
Pitching: RHP Doug Rawson
|
|
|
Batting: RHB Jack Nickleberry
|
0-0: Called Strike 0-1: Ball 1-1: Ball 2-1: Called Strike 2-2: Strikes out swinging
|
|
Batting: RHB Steve Page
|
0-0: Ball 1-0: Ball 2-0: Foul Ball, location: 2F 2-1: Foul Ball, location: 2F 2-2: Foul Ball, location: 2F 2-2: Foul Ball, location: 2F 2-2: Ball 3-2: Fly out, F1 (Popup, 15, EV 80.0 MPH)
|
|
Batting: RHB Kyle Holland
|
0-0: Called Strike 0-1: DOUBLE (Flyball, 8RXD, EV 97.5 MPH) John Jones scores
|
|
Batting: SHB Jason Evans
|
0-0: Swinging Strike 0-1: Ball 1-1: Called Strike 1-2: Foul Ball, location: 2F 1-2: Foul Ball, location: 2F 1-2: Ball 2-2: Strikes out swinging
|
| Bottom of the 6th over - 2 runs, 3 hits, 0 errors, 1 left on base; Bristol 3 - Kingsport 7 |
| TOP OF THE 7TH |
|
Bristol Pirates batting - Pitching for Kingsport Mets : RHP John Mason
|
|
Batting: RHB Rob Colley
|
0-0: Called Strike 0-1: Ball 1-1: Ball 2-1: Swinging Strike 2-2: Ball 3-2: Foul Ball, location: 2F 3-2: Foul Ball, location: 2F 3-2: Foul Ball, location: 2F 3-2: Foul Ball, location: 2F 3-2: Strikes out swinging
|
|
Batting: RHB Pete Hutton
|
0-0: Ball 1-0: SINGLE (Line Drive, 6MD, EV 98.1 MPH)
|
|
Batting: LHB Joe Wise
|
0-0: Ball Pete Hutton steals 2nd base (no throw) 1-0: Called Strike 1-1: Fly out, F7 (Flyball, 7, EV 97.5 MPH)
|
|
Pitching: RHP Thomas Clark
|
|
|
Batting: RHB Etsuro Hosokawa
|
0-0: Called Strike 0-1: SINGLE (Flyball, 6MD, EV 88.1 MPH) Pete Hutton to third Runner from 3rd tries for Home, SAFE, throw by CF to home
|
|
Batting: RHB Jaime Dubicki
|
Pickoff Throw to First - Error! E1 Etsuro Hosokawa to second 0-0: Called Strike 0-1: Ball 1-1: Called Strike 1-2: Ground out 6-3 (Groundball, 56, EV 81.2 MPH)
|
| Top of the 7th over - 1 run, 2 hits, 1 error, 1 left on base; Bristol 4 - Kingsport 7 |
| BOTTOM OF THE 7TH |
|
Kingsport Mets batting - Pitching for Bristol Pirates : RHP Doug Rawson
|
|
Pitching: RHP Hugo Rodriguez
|
|
|
Batting: RHB Coltin Nellis
|
0-0: Ball 1-0: Ball 2-0: Called Strike 2-1: Ball 3-1: Foul Ball, location: 2F 3-2: Base on Balls
|
|
Batting: RHB Dan House
|
0-0: Ball 1-0: Ball 2-0: DOUBLE (Groundball, 5L, EV 101.2 MPH) Coltin Nellis to third
|
|
Batting: RHB Danny Runberg
|
0-0: Ground out 4-3 (Groundball, 4, EV 88.1 MPH)
|
|
Batting: SHB Alex Marcial
|
0-0: DOUBLE (Line Drive, 78M, EV 111.9 MPH) Coltin Nellis scores Dan House scores
|
|
Batting: RHB John Jones
|
0-0: Ball 1-0: Foul Ball, location: 2F 1-1: Ball 2-1: Ball 3-1: Base on Balls
|
|
Batting: RHB Jack Nickleberry
|
0-0: Ball 1-0: Swinging Strike 1-1: SINGLE (Groundball, 4D, EV 101.2 MPH) Alex Marcial to third John Jones to second Runner from 3rd tries for Home, SAFE, throw by CF to home John Jones to third Jack Nickleberry to second
|
|
Batting: RHB Steve Page
|
0-0: Ball 1-0: Called Strike 1-1: Foul Ball, location: 2F 1-2: Ball 2-2: Ball 3-2: Foul Ball, location: 2F 3-2: Strikes out looking
|
|
Pitching: RHP Ian Ferrara
|
|
|
Batting: RHB Kyle Holland
|
0-0: Called Strike 0-1: Foul Ball, location: 2F 0-2: Ball 1-2: Ball 2-2: Foul Ball, location: 2F 2-2: Foul Ball, location: 2F 2-2: Foul Ball, location: 2F 2-2: Ground out 6-3 (Groundball, 6, EV 94.4 MPH)
|
| Bottom of the 7th over - 3 runs, 3 hits, 0 errors, 2 left on base; Bristol 4 - Kingsport 10 |
| TOP OF THE 8TH |
|
Bristol Pirates batting - Pitching for Kingsport Mets : RHP Thomas Clark
|
|
Batting: LHB Tomohiro Yokoyama
|
0-0: Called Strike 0-1: Called Strike 0-2: Strikes out swinging
|
|
Batting: LHB Ruben Garza
|
0-0: Called Strike 0-1: Called Strike 0-2: Ball 1-2: Strikes out swinging
|
|
Batting: RHB Andrew DeRicco
|
0-0: Called Strike 0-1: Ball 1-1: Foul Ball, location: 2F 1-2: Strikes out swinging
|
| Top of the 8th over - 0 runs, 0 hits, 0 errors, 0 left on base; Bristol 4 - Kingsport 10 |
| BOTTOM OF THE 8TH |
|
Kingsport Mets batting - Pitching for Bristol Pirates : RHP Ian Ferrara
|
|
Batting: SHB Jason Evans
|
0-0: Ball 1-0: Ground out 5-3 (Groundball, 5L, EV 85.6 MPH)
|
|
Batting: RHB Coltin Nellis
|
0-0: Ball 1-0: Ball 2-0: Called Strike 2-1: Foul Ball, location: 2F 2-2: Foul Ball, location: 2F 2-2: Ball 3-2: Base on Balls
|
|
Batting: RHB Dan House
|
0-0: Ball 1-0: Ground out U3 (Groundball, 3S, EV 62.5 MPH) Coltin Nellis to second
|
|
Pitching: LHP Phil DeCamp
|
|
|
Batting: RHB Danny Runberg
|
0-0: Swinging Strike 0-1: Swinging Strike 0-2: Foul Ball, location: 2F 0-2: Foul Ball, location: 2F 0-2: Strikes out looking
|
| Bottom of the 8th over - 0 runs, 0 hits, 0 errors, 1 left on base; Bristol 4 - Kingsport 10 |
| TOP OF THE 9TH |
|
Bristol Pirates batting - Pitching for Kingsport Mets : RHP Thomas Clark
|
|
Batting: RHB Gilberto Victoria
|
0-0: Ground out 6-3 (Groundball, 6, EV 109.4 MPH)
|
|
Batting: RHB Rob Colley
|
0-0: Ball 1-0: Ball 2-0: Ground out 5-3 (Groundball, 56S, EV 73.1 MPH)
|
|
Batting: RHB Pete Hutton
|
0-0: Ball 1-0: Ball 2-0: Swinging Strike 2-1: Ball 3-1: Foul Ball, location: 2F 3-2: Ground out U3 (Groundball, 3, EV 105.6 MPH)
|
| Top of the 9th over - 0 runs, 0 hits, 0 errors, 0 left on base; Bristol 4 - Kingsport 10 |
|